 Dungeon Crawl Stone Soup version 0.30-a0-859-gf88a04b62d (webtiles) character file.

Game seed: 8504682916754563007

212 ytrimaz the Trooper (level 5, -1/91 HPs)
             Began as an Ogre Berserker on Mar 6, 2023.
             Was a Follower of Trog.
             Slain by Eustachio
             ... wielding a +0 rapier
              (9 damage)
             ... on level 4 of the Dungeon.
             The game lasted 00:03:13 (2307 turns).

ytrimaz the Trooper (Ogre Berserker)                Turns: 2307, Time: 00:03:14

Health: -1/91      AC:  3    Str: 23    XL:     5   Next: 89%
Magic:  5/5        EV: 10    Int:  8    God:    Trog [*.....]
Gold:   113        SH:  0    Dex:  8    Spells: 4/4 levels left

rFire   . . .      SeeInvis .    a - +0 mace
rCold   . . .      Faith    .    (no shield)
rNeg    . . .      Spirit   .    b - +0 animal skin
rPois   .          Reflect  .    (helmet restricted)
rElec   .          Rampage  .    (no cloak)
rCorr   .                        (gloves unavailable)
Will    .....                    (boots unavailable) Stlth
                                 (no amulet)
HPRegen 0.35/turn                (no ring)
MPRegen 0.09/turn                (no ring)

@: berserking (expiring), very quick
A: large, unfitting armour, tough skin 1
a: Renounce Religion, Berserk


You were on level 4 of the Dungeon.
You worshipped Trog.
Trog was aware of your devotion.
You visited 1 branch of the dungeon, and saw 4 of its levels.

You collected 113 gold pieces.


Innate Abilities, Weirdness & Mutations

You are too large for most types of armour.
You have tough skin. (AC +1)


   Skills:
 + Level 6.6 Fighting
 + Level 4.5 Maces & Flails
 - Level 2.6 Dodging


You had 4 spell levels left.
You didn't know any spells.
Your spell library was empty.

Inventory:

Hand Weapons
 a - a +0 mace (weapon)
Armour
 b - a +0 animal skin (worn)
Jewellery
 k - a +6 ring of intelligence
   (You found it on level 4 of the Dungeon)
Scrolls
 d - a scroll of amnesia
 e - a scroll of identify
 h - a scroll of silence {unknown}
 i - 3 scrolls of fear {unknown}
 m - 2 scrolls of teleportation {unknown}
 o - a scroll of magic mapping {unknown}
Potions
 c - a potion of curing {unknown}
 f - a potion of attraction {unknown}
 g - a potion of might {unknown}
 j - a potion of degeneration {unknown}
 l - a potion of ambrosia {unknown}
 n - a potion of brilliance {unknown}

Dungeon Overview and Level Annotations

Branches:
Dungeon (4/15) Zot: 21654
 Temple: D:4-7

Altars:
Fedhas
Gozag
Okawaru
Ru
The Shining One

Annotations:
D:4 Eustachio

##...##..?##
#.......≈..#
.......≈..## #
#...≈≈≈≈..#.#
......≈..... #..
#...≈..# .. #b≈≈≈..##
### #.. #@r...# #. #..
#.. #@#...# #..#####..
#...#####...# #.....##..
#...#.#.#...###.###.##..
#.....#.....#.......†...
###'#'###...#.#####...
#...#...#...#.........
#....†..#...#######...
###...####..#.......#.
#.......#...#.#######.


You could see Eustachio, a river rat (summoned) and a bat (summoned).


Message History

Unknown command.
Key pressed, stopping explore.
m - 2 scrolls labelled BYMYUVV FUYVO (gained 1)
You open the door.
There is an open door here.
You open the door.
There is an open door here.
Eustachio the Magnificent comes into view.
He is wielding a +0 rapier.
Found a scroll labelled DORYDO YMPOF.
Found a sacrificial altar of Ru. 😎 HP[+21]
Your hp is fully restored (61).
Eustachio gestures wildly while chanting.
The river rat bites you! 😕 HP[-7]
You take 7 damage, and now have 54/61 hp.
You open the door.
Eustachio gestures wildly while chanting.
The river rat bites you but does no damage.
The river rat attacks as you move away! The river rat misses you.
The quokka attacks as you move away! The quokka barely misses you.
Eustachio casts a spell.
Eustachio blinks!
The quokka bites you but does no damage.
There is a sacrificial altar of Ru here. 😕 HP[+1]
You closely miss the quokka. The quokka closely misses you.
The river rat closely misses you.
You closely miss the river rat. The quokka closely misses you.
The river rat barely misses you. The quokka bites you. 😕 HP[-4]
You take 4 damage, and now have 51/61 hp.
You hit the quokka. The river rat closely misses you.
The quokka bites you. 😕 HP[-2]
You take 2 damage, and now have 49/61 hp.
You completely miss the quokka. The river rat barely misses you.
The quokka closely misses you.
Eustachio screams, "At last I'll have my revenge!"
Eustachio mumbles some strange words.
Eustachio blinks!
You hit the river rat. The quokka closely misses you. The river rat bites you!
The quokka bites you. 😮 HP[-10]
You take 10 damage, and now have 39/61 hp.
Unknown command.
Press < or > to pray at altars.
You miss the quokka.
The river rat bites you but does no damage.
The quokka closely misses you. The river rat bites you! 😮 HP[-6]
You take 6 damage, and now have 33/61 hp.
You hit the quokka. The quokka bites you. The river rat bites you!
* * * LOW HITPOINT WARNING * * *
😨 HP[-8]
You take 8 damage, and now have 25/61 hp.
You hit the quokka.
You kill the quokka!
The quokka's corpse disappears in a puff of smoke!
The bat hits you.
* * * LOW HITPOINT WARNING * * *
The bat hits you but does no damage. The river rat barely misses you.
Unknown command.
Press < or > to pray at altars. 😨 HP[-1]
You take 1 damage, and now have 24/61 hp.
You closely miss the bat. The bat hits you but does no damage.
The river rat barely misses you. 😨 HP[+1]
A red film seems to cover your vision as you go berserk!
You feel yourself moving faster!
You feel mighty!
You can no longer call upon Trog for regeneration and willpower.
The river rat bites you but does no damage.
Eustachio closely misses you. 😨 HP[+12]
You now have 91 max hp (+30).
You regained 12 hp, and now have 37/91 hp.
You hit Eustachio. The river rat bites you.
* * * LOW HITPOINT WARNING * * *
Eustachio hits you with a +0 rapier.
* * * LOW HITPOINT WARNING * * *
😨 HP[-5]
You take 5 damage, and now have 32/91 hp.
You closely miss Eustachio. Your punch misses Eustachio.
The river rat closely misses you. Eustachio barely misses you.
You sock Eustachio! The river rat bites you!
* * * LOW HITPOINT WARNING * * *
😨 HP[-7]
You take 7 damage, and now have 25/91 hp.
You barely miss Eustachio. Eustachio hits you with a +0 rapier.
* * * LOW HITPOINT WARNING * * *
😨 HP[-2]
You take 2 damage, and now have 23/91 hp.
You miss Eustachio. The river rat bites you!
* * * LOW HITPOINT WARNING * * *
Eustachio barely misses you. 😱 HP[-8]
You take 8 damage, and now have 15/91 hp.
You sock Eustachio! The river rat bites you!
* * * LOW HITPOINT WARNING * * *
Eustachio hits you with a +0 rapier!
You die...

Skill      XL: |  1  2  3  4  5 |
---------------+----------------+-----
Maces & Flails | 3 4 |  4.5
Fighting       | 5 6 |  6.6
Dodging        | |  2.6

Action                     |  1- 3 |  4- 6 || total
---------------------------+-------+-------++-------
  Melee: Mace              |    69 |    68 ||   137
         Punch             |       |     1 ||     1
 Invoke: Berserk           |     1 |     1 ||     2
    Use: Scroll            |     1 |       ||     1
 Armour: Animal skin       |    26 |    13 ||    39
  Dodge: Dodged            |    49 |    45 ||    94

Levels and vault maps discovered:
D:1:      dpeg_arrival_connections, layout_loops_ring, serial_bayou_pond_e,
          minmay_misc_feat_roman, corexii_hall_statues_x
D:2:      layout_basic, lemuel_flame_loot_1
D:3:      minmay_angry_zag, layout_loops_corners,
          nicolae_overflow_quartered_altars, uniq_jessica, uniq_terence
D:4:      layout_basic, hangedman_ru_absence, minmay_temple_entry_fiery,
          kennysheep_crisscross, serial_park_tiny_2, uniq_eustachio, uniq_edmund

Notes
Turn   | Place    | Note
-------+----------+-------------------------------------------
     0 | D:1      | ytrimaz the Ogre Berserker began the quest for the Orb.
     0 | D:1      | Reached XP level 1. HP: 24/24 MP: 1/1
     0 | D:1      | magus.rc [v1.9.6]
    60 | D:1      | You fall into a shaft and drop 1 floor!
   441 | D:2      | Reached skill level 3 in Maces & Flails
   441 | D:2      | Reached XP level 2. HP: 32/33 MP: 2/2
   742 | D:3      | Found a glowing golden altar of the Shining One.
   742 | D:3      | Found a blossoming altar of Fedhas.
   743 | D:3      | Found an opulent altar of Gozag.
   751 | D:3      | Found an iron altar of Okawaru.
  1033 | D:3      | Reached XP level 3. HP: 29/41 MP: 3/3
  1089 | D:3      | Reached skill level 5 in Fighting
  1139 | D:3      | Noticed Terence
  1145 | D:3      | Killed Terence
  1146 | D:3      | Reached XP level 4. HP: 50/50 MP: 4/4
  1325 | D:3      | Noticed Jessica
  1334 | D:3      | Killed Jessica
  1626 | D:3      | Reached skill level 4 in Maces & Flails
  1626 | D:3      | Reached XP level 5. HP: 59/59 MP: 5/5
  1727 | D:3      | Reached skill level 6 in Fighting
  2073 | D:4      | Reached ** piety under Trog
  2285 | D:4      | Found a sacrificial altar of Ru.
  2285 | D:4      | Noticed Eustachio
  2306 | D:4      | HP: 15/91 [river rat[Eustachio] (8)]
  2307 | D:4      | Slain by Eustachio

Vanquished Creatures
  A scorpion (D:4)
  An iguana (D:4)
  Jessica (D:3)
  Terence (D:3)
  4 adders (D:3)
  2 dart slugs (D:2)
  3 orcs (D:3)
  4 ball pythons
  2 bats
  2 endoplasms (D:3)
  5 goblins (D:3)
  4 hobgoblins
  2 quokkas
  A frilled lizard (D:3)
  A kobold (D:3)
  3 rats (D:3)
37 creatures vanquished.

Table legend:
 A = Non-vault XP
 B = Vault XP
 C = Vault XP percentage of total XP
 D = Non-vault monster count
 E = Vault monster count
 F = Vault count percentage of total count
                 A         B        C        D         E       F
            +---------+---------+-------+---------+---------+-------
      Total |     209 |      94 |  31.0 |      29 |       8 |  21.6
            +---------+---------+-------+---------+---------+-------
        D:2 |      17 |       0 |   0.0 |       7 |       0 |   0.0
        D:3 |      68 |      94 |  58.0 |      19 |       8 |  29.6
        D:4 |     124 |       0 |   0.0 |       3 |       0 |   0.0
            +---------+---------+-------+---------+---------+-------

Illustrated notes

Table legend:
 A = Kills in this place as a percentage of kills in the entire game.
 B = Kills by you in this place as a percentage of kills by you in the entire game.
 C = Kills by friends in this place as a percentage of kills by friends in the entire game.
 D = Other kills in this place as a percentage of other kills in the entire game.
 E = Experience gained in this place as a percentage of experience gained in the entire game.
 F = Experience gained in this place divided by the number of levels of this place that you have seen.
                   A       B       C       D       E      F
               +-------+-------+-------+-------+-------+----------------------
         Total | 100.0 | 100.0 |   N/A |   N/A | 100.0 |  75.8
       Dungeon | 100.0 | 100.0 |   N/A |   N/A | 100.0 |  75.8
               +-------+-------+-------+-------+-------+----------------------

Table legend: (Time is in decaauts)
 A = Elapsed time spent in this place.
 B = Non-inter-level travel time spent in this place.
 C = Inter-level travel time spent in this place.
 D = Time resting spent in this place.
 E = Time spent auto-exploring this place.
 F = Levels seen in this place.
 G = Mean time per level.
                   A        B        C        D        E       F      G
               +--------+--------+--------+--------+--------+-----+--------+
         Total |   2344 |   2302 |     42 |     37 |   1928 |   4 |  586.0 |
       Dungeon |   2344 |   2302 |     42 |     37 |   1928 |   4 |  586.0 |
               +--------+--------+--------+--------+--------+-----+--------+

Top non-repeatable levels by time:
     D:3: 1332 daAuts
     D:2: 676 daAuts
     D:4: 275 daAuts
     D:1: 60 daAuts
